[Event "2022 Harris Edwardes Interclub Competition (Division A)"]
[Site "Leeming, Perth WA AUS"]
[Date "2022.08.21"]
[Round "1"]
[White "Rodriguez, Juan Talavera"]
[Black "Lakner, Jay"]
[Result "1-0"]
[EventDate "2022.08.21"]
[EventRounds "4"]
[EventType "team"]
[Section "Division A (Premier)"]
[Stage "Preliminary Rounds"]
[Board "1"]
[TimeControl "3600+10"]
[WhiteElo "2167"]
[BlackElo "2107"]
[WhiteTeam "Perth Chess Club A"]
[BlackTeam "Perth Chess Academy A"]
[ECO "B34"]
[PlyCount "123"]

1. e4 c5 2. Nf3 Nc6 3. d4 cxd4 4. Nxd4 g6 5. Nc3 Bg7 6. Be3 Nf6 7. Be2 O-O 8.
O-O d5 9. exd5 Nxd5 10. Nxd5 Nxd4 11. Bxd4 Qxd5 12. Bxg7 Qxd1 13. Rfxd1 Kxg7
14. c4 Be6 15. Rd2 Rac8 16. b3 Rc7 17. Rad1 Rfc8 18. f4 h5 19. Kf2 b6 20. h3 h4
21. Ke3 a5 22. a4 Rc5 23. Rd4 Kf6 24. Bf3 Bf5 25. Be4 Bxe4 26. Kxe4 R8c6 27.
Rd5 Re6+ 28. Kf3 Rcc6 29. Kg4 Re2 30. R1d2 Re3 31. Rb5 Re4 32. Rf2 Ke6 33. Kxh4
f6 34. Kg3 Kd7 35. Rd2+ Kc7 36. Kf3 Rce6 37. Rd3 Re1 38. c5 Rf1+ 39. Kg3 Rc1
40. cxb6+ Rxb6 41. Rxa5 Rb1 42. Ra7+ Kc6 43. Rxe7 R6xb3 44. Ree3 Rb4 45. Re6+
Kc5 46. Rxf6 Rxa4 47. Rxg6 Rb2 48. Rg5+ Kc6 49. Rf3 Raa2 50. Kh2 Kd7 51. f5 Ke8
52. h4 Kf8 53. h5 Rb7 54. Kh3 Rb1 55. g3 Rh1+ 56. Kg4 Ra4+ 57. Rf4 Ra3 58. f6
Rg1 59. Rf3 Rxf3 60. Kxf3 Rf1+ 61. Kg4 Rxf6 62. Rf5 1-0

[Event "2022 Harris Edwardes Interclub Competition (Division A)"]
[Site "Leeming, Perth WA AUS"]
[Date "2022.08.21"]
[Round "1"]
[White "Rafiei Darani, Daryoush"]
[Black "Wilkins, Michael"]
[Result "0-1"]
[EventDate "2022.08.21"]
[EventRounds "4"]
[EventType "team"]
[Section "Division A (Premier)"]
[Stage "Preliminary Rounds"]
[Board "2"]
[TimeControl "3600+10"]
[WhiteElo "1771"]
[BlackElo "2111"]
[WhiteTeam "Perth Chess Academy A"]
[BlackTeam "Perth Chess Club A"]
[ECO "C77"]
[PlyCount "66"]

1. e4 e5 2. Nf3 Nc6 3. Bb5 a6 4. Ba4 Nf6 5. d3 b5 6. Bb3 Bc5 7. Bg5 h6 8. Bh4
d6 9. c3 Be6 10. Nbd2 Bb6 11. Nf1 g5 12. Bg3 Ne7 13. Bc2 Ng6 14. Ne3 c5 15. d4
cxd4 16. cxd4 Ba5+ 17. Kf1 Qc7 18. d5 Bd7 19. a4 Rc8 20. Bd3 O-O 21. Nc2 bxa4
22. Na3 Bb5 23. Kg1 Bxd3 24. Qxd3 Qc1+ 25. Rxc1 Rxc1+ 26. Qf1 Rxf1+ 27. Kxf1
Nxe4 28. Nc4 Bb4 29. Ke2 f5 30. h3 Rc8 31. Kd3 Rc5 32. Ne3 Nxg3 33. fxg3 e4+
0-1

[Event "2022 Harris Edwardes Interclub Competition (Division A)"]
[Site "Leeming, Perth WA AUS"]
[Date "2022.08.21"]
[Round "1"]
[White "De Vas, Saminda"]
[Black "Umasankar, Naveen Ramnat"]
[Result "1-0"]
[EventDate "2022.08.21"]
[EventRounds "4"]
[EventType "team"]
[Section "Division A (Premier)"]
[Stage "Preliminary Rounds"]
[Board "3"]
[TimeControl "3600+10"]
[WhiteElo "2031"]
[BlackElo "1725"]
[WhiteTeam "Perth Chess Club A"]
[BlackTeam "Perth Chess Academy A"]
[ECO "E61"]
[PlyCount "89"]

1. d4 Nf6 2. c4 c5 3. e3 g6 4. Nc3 Bg7 5. Nf3 O-O 6. Be2 d6 7. O-O Nbd7 8. Qc2
a6 9. a3 Qc7 10. b4 b6 11. Bb2 Bb7 12. bxc5 bxc5 13. d5 e6 14. e4 exd5 15. exd5
Rfe8 16. Bd3 Nb6 17. Rfe1 a5 18. Nb5 Qd7 19. a4 Ba6 20. Nd2 Bxb5 21. axb5 a4
22. Kf1 Rxe1+ 23. Kxe1 Qe8+ 24. Kf1 Ra7 25. Nb1 Qa8 26. Ra3 Nfd7 27. Bxg7 Kxg7
28. f4 Qd8 29. g3 Qf6 30. Kg2 h6 31. Qc3 g5 32. Qxf6+ Kxf6 33. Kf3 Nf8 34. Nc3
Ng6 35. Ne4+ Ke7 36. Nd2 Kf6 37. Bc2 gxf4 38. gxf4 Nh4+ 39. Kg4 Ng6 40. h4 h5+
41. Kg3 Ke7 42. Bd3 Kf6 43. Be2 Kf5 44. Bxh5 Nxf4 45. Rf3 1-0

[Event "2022 Harris Edwardes Interclub Competition (Division A)"]
[Site "Leeming, Perth WA AUS"]
[Date "2022.08.21"]
[Round "1"]
[White "Xiao Zhou, Ning"]
[Black "Saxon, Marc"]
[Result "0-1"]
[EventDate "2022.08.21"]
[EventRounds "4"]
[EventType "team"]
[Section "Division A (Premier)"]
[Stage "Preliminary Rounds"]
[Board "4"]
[TimeControl "3600+10"]
[WhiteElo "1583"]
[BlackElo "2015"]
[WhiteTeam "Perth Chess Academy A"]
[BlackTeam "Perth Chess Club A"]
[ECO "D85"]
[PlyCount "56"]

1. d4 Nf6 2. c4 g6 3. Nc3 d5 4. cxd5 Nxd5 5. e4 Nxc3 6. bxc3 Bg7 7. Nf3 c5 8.
Be2 Nc6 9. Be3 Bg4 10. Bb5 cxd4 11. cxd4 Qa5+ 12. Qd2 Qxb5 13. Ng1 Qb4 14. Qxb4
Nxb4 15. Rb1 Nc2+ 16. Kd2 Nxe3 17. Kxe3 O-O-O 18. Rc1+ Kb8 19. Rc4 Rc8 20.
Rxc8+ Rxc8 21. f3 Bd7 22. Ne2 Bb5 23. Rd1 Bxe2 24. Kxe2 Rc2+ 25. Rd2 Rxd2+ 26.
Kxd2 Bxd4 27. Kd3 Be5 28. h3 Kc7 0-1

[Event "2022 Harris Edwardes Interclub Competition (Division A)"]
[Site "Leeming, Perth WA AUS"]
[Date "2022.08.21"]
[Round "1"]
[White "Gong, Patrick"]
[Black "Boyd, Tristan"]
[Result "1-0"]
[EventDate "2022.08.21"]
[EventRounds "4"]
[EventType "team"]
[Section "Division A (Premier)"]
[Stage "Preliminary Rounds"]
[Board "1"]
[TimeControl "3600+10"]
[WhiteElo "2508"]
[WhiteTitle "FM"]
[BlackElo "2390"]
[BlackTitle "FM"]
[WhiteTeam "UWA Chess Club A"]
[BlackTeam "Southern Suburbs Chess Club A"]
[ECO "B22"]
[PlyCount "73"]

1. e4 c5 2. c3 e6 3. d4 d5 4. exd5 exd5 5. Bb5+ Nc6 6. Nf3 Bd6 7. O-O Nge7 8.
dxc5 Bxc5 9. Bf4 O-O 10. Nbd2 Bg4 11. Bd3 h6 12. Qa4 Bf5 13. Bxf5 Nxf5 14. Rad1
Qd7 15. Qb5 Be7 16. Nb3 Rfd8 17. Qd3 b6 18. Kh1 Bf6 19. Rg1 Nfe7 20. Rge1 Ng6
21. Bg3 Rac8 22. h4 Nce7 23. Nbd4 Qa4 24. a3 Qc4 25. Nb5 a6 26. Qxc4 dxc4 27.
Nd6 Rc6 28. Ne4 Rd5 29. Bd6 Rxd1 30. Rxd1 Nf5 31. Nxf6+ gxf6 32. Bh2 Re6 33. g4
Nfxh4 34. Nd4 Re8 35. Bg3 Rd8 36. Re1 Rd5 37. Re8+ 1-0

[Event "2022 Harris Edwardes Interclub Competition (Division A)"]
[Site "Leeming, Perth WA AUS"]
[Date "2022.08.21"]
[Round "1"]
[White "Fu, Yihe (Rebo)"]
[Black "Ng, Jen Sheng"]
[Result "1-0"]
[EventDate "2022.08.21"]
[EventRounds "4"]
[EventType "team"]
[Section "Division A (Premier)"]
[Stage "Preliminary Rounds"]
[Board "2"]
[TimeControl "3600+10"]
[WhiteElo "2287"]
[BlackElo "2145"]
[BlackTitle "CM"]
[WhiteTeam "Southern Suburbs Chess Club A"]
[BlackTeam "UWA Chess Club A"]
[ECO "C02"]
[PlyCount "123"]

1. e4 e6 2. d4 d5 3. e5 c5 4. c3 Nc6 5. Nf3 Nge7 6. dxc5 Ng6 7. b4 Ngxe5 8.
Nxe5 Nxe5 9. Bb2 b6 10. Qh5 Qf6 11. cxb6 axb6 12. Bb5+ Bd7 13. Qe2 Bd6 14.
Bxd7+ Nxd7 15. O-O O-O 16. c4 Qf4 17. g3 Qxc4 18. Qxc4 dxc4 19. Rd1 Be5 20. Nc3
Nf6 21. a4 h6 22. f4 Bxc3 23. Bxc3 Nd5 24. Bd4 Rfc8 25. a5 bxa5 26. bxa5 c3 27.
Ra4 c2 28. Rc1 Rab8 29. a6 Rb1 30. Ra1 Rxa1 31. Bxa1 Nb4 32. a7 Ra8 33. Bc3 Na2
34. Rxc2 Nxc3 35. Rxc3 Rxa7 36. Rc2 g5 37. Kg2 Kg7 38. Kf3 Ra3+ 39. Ke4 Ra4+
40. Ke5 Ra5+ 41. Ke4 Ra4+ 42. Ke5 Ra5+ 43. Ke4 Kf6 44. Kf3 Ra3+ 45. Ke4 Ra4+
46. Kf3 Kf5 47. Rc5+ Kg6 48. Rc3 Ra2 49. h4 gxh4 50. gxh4 Rh2 51. Kg3 Rh1 52.
Rc5 Rg1+ 53. Kf3 h5 54. Rc8 Kg7 55. Rc5 Kg6 56. Rc8 Kg7 57. Rc5 Kh6 58. Rc7 Kg6
59. Rc8 Kh7 60. Rc5 Kh6 61. Rc7 Kg7 62. Rc5 1-0

[Event "2022 Harris Edwardes Interclub Competition (Division A)"]
[Site "Leeming, Perth WA AUS"]
[Date "2022.08.21"]
[Round "1"]
[White "Hardegen, Andrew"]
[Black "Hu, Tommy"]
[Result "1-0"]
[EventDate "2022.08.21"]
[EventRounds "4"]
[EventType "team"]
[Section "Division A (Premier)"]
[Stage "Preliminary Rounds"]
[Board "4"]
[TimeControl "3600+10"]
[WhiteElo "2214"]
[BlackElo "1593"]
[WhiteTeam "Southern Suburbs Chess Club A"]
[BlackTeam "UWA Chess Club A"]
[ECO "E41"]
[PlyCount "73"]

1. d4 Nf6 2. c4 e6 3. Nc3 Bb4 4. e3 c5 5. Bd3 Nc6 6. Nge2 d6 7. O-O O-O 8. Bd2
Qe7 9. a3 Ba5 10. Qe1 cxd4 11. Nxd4 Bb6 12. Nxc6 bxc6 13. e4 e5 14. Bg5 h6 15.
Be3 Bxe3 16. Qxe3 Be6 17. Rfd1 Rfd8 18. Be2 Rab8 19. b4 Rb7 20. Rd2 Qc7 21.
Rad1 Rd7 22. h3 Rb8 23. f4 exf4 24. Qxf4 Rbd8 25. c5 Ne8 26. Bg4 Bxg4 27. Qxg4
Nf6 28. Qf4 a5 29. Rd4 Ne8 30. Qd2 Qa7 31. Kh1 axb4 32. axb4 f6 33. Qd3 Ra8 34.
Qc4+ Kh7 35. cxd6 Qa3 36. Qxc6 Rdd8 37. d7 1-0

[Event "2022 Harris Edwardes Interclub Competition (Division A)"]
[Site "Leeming, Perth WA AUS"]
[Date "2022.08.21"]
[Round "2"]
[White "Boyd, Tristan"]
[Black "Rodriguez, Juan Talavera"]
[Result "1/2-1/2"]
[EventDate "2022.08.21"]
[EventRounds "4"]
[EventType "team"]
[Section "Division A (Premier)"]
[Stage "Preliminary Rounds"]
[Board "1"]
[TimeControl "3600+10"]
[WhiteElo "2390"]
[WhiteTitle "FM"]
[BlackElo "2167"]
[WhiteTeam "Southern Suburbs Chess Club A"]
[BlackTeam "Perth Chess Club A"]
[ECO "C92"]
[PlyCount "26"]

1. e4 e5 2. Nf3 Nc6 3. Bb5 a6 4. Ba4 Nf6 5. O-O Be7 6. Re1 b5 7. Bb3 d6 8. c3
O-O 9. h3 Bb7 10. d4 Re8 11. Ng5 Rf8 12. Nf3 Re8 13. Ng5 Rf8 1/2-1/2

[Event "2022 Harris Edwardes Interclub Competition (Division A)"]
[Site "Leeming, Perth WA AUS"]
[Date "2022.08.21"]
[Round "2"]
[White "Wilkins, Michael"]
[Black "Fu, Yihe (Rebo)"]
[Result "1/2-1/2"]
[EventDate "2022.08.21"]
[EventRounds "4"]
[EventType "team"]
[Section "Division A (Premier)"]
[Stage "Preliminary Rounds"]
[Board "2"]
[TimeControl "3600+10"]
[WhiteElo "2111"]
[BlackElo "2287"]
[WhiteTeam "Perth Chess Club A"]
[BlackTeam "Southern Suburbs Chess Club A"]
[ECO "B30"]
[PlyCount "59"]

1. e4 c5 2. Nf3 Nc6 3. Bb5 Nf6 4. Qe2 Qc7 5. O-O g6 6. c3 a6 7. Ba4 b5 8. Bc2
Bg7 9. h3 Bb7 10. a4 b4 11. d4 bxc3 12. bxc3 cxd4 13. e5 Nd5 14. cxd4 O-O 15.
Be4 Ndb4 16. Ba3 a5 17. Rc1 Ba6 18. Qd2 Qb6 19. Nc3 Rab8 20. Rab1 Qc7 21. Nb5
Bxb5 22. axb5 Rxb5 23. Bxc6 dxc6 24. Bxb4 axb4 25. Rxb4 Qa5 26. Rbc4 Qxd2 27.
Nxd2 Bh6 28. R1c2 Bxd2 29. Rxd2 Rd8 30. Re2 1/2-1/2

[Event "2022 Harris Edwardes Interclub Competition (Division A)"]
[Site "Leeming, Perth WA AUS"]
[Date "2022.08.21"]
[Round "2"]
[White "Hare, Tim"]
[Black "De Vas, Saminda"]
[Result "1-0"]
[EventDate "2022.08.21"]
[EventRounds "4"]
[EventType "team"]
[Section "Division A (Premier)"]
[Stage "Preliminary Rounds"]
[Board "3"]
[TimeControl "3600+10"]
[WhiteElo "2227"]
[BlackElo "2031"]
[WhiteTeam "Southern Suburbs Chess Club A"]
[BlackTeam "Perth Chess Club A"]
[ECO "A07"]
[PlyCount "81"]

1. Nf3 d5 2. g3 Nf6 3. Bg2 c6 4. d3 Bf5 5. Nbd2 Nbd7 6. b3 e5 7. Bb2 Bd6 8. e4
Bg6 9. Qe2 O-O 10. O-O Re8 11. Nh4 Qb6 12. Nxg6 hxg6 13. Nf3 a5 14. a4 Qc7 15.
Ng5 dxe4 16. dxe4 b5 17. Rfd1 bxa4 18. Rxa4 Nb6 19. Ra2 a4 20. Rda1 axb3 21.
cxb3 Rxa2 22. Rxa2 Ra8 23. Rxa8+ Nxa8 24. Qc2 Nb6 25. Bf1 Nh7 26. Nf3 Nf6 27.
Kg2 Nbd7 28. Nd2 Nb6 29. Be2 Nfd7 30. Bc3 c5 31. Ba5 Qc6 32. b4 Qa8 33. Qd3 Bf8
34. Qb5 Qa7 35. Bxb6 Nxb6 36. bxc5 Na4 37. c6 Nc3 38. Qc4 Nxe2 39. c7 Qa1 40.
Qxe2 Qc3 41. Nc4 1-0

[Event "2022 Harris Edwardes Interclub Competition (Division A)"]
[Site "Leeming, Perth WA AUS"]
[Date "2022.08.21"]
[Round "2"]
[White "Saxon, Marc"]
[Black "Hardegen, Andrew"]
[Result "0-1"]
[EventDate "2022.08.21"]
[EventRounds "4"]
[EventType "team"]
[Section "Division A (Premier)"]
[Stage "Preliminary Rounds"]
[Board "4"]
[TimeControl "3600+10"]
[WhiteElo "2015"]
[BlackElo "2214"]
[WhiteTeam "Perth Chess Club A"]
[BlackTeam "Southern Suburbs Chess Club A"]
[ECO "C00"]
[PlyCount "80"]

1. e4 e6 2. d3 d5 3. Nd2 Nf6 4. g3 c5 5. Bg2 Nc6 6. Ngf3 Be7 7. O-O O-O 8. Qe2
b5 9. c3 a5 10. e5 Ne8 11. d4 cxd4 12. cxd4 b4 13. Rd1 Ba6 14. Qe3 a4 15. Ne1
Qb6 16. Nc2 Rc8 17. Kh1 Nc7 18. f4 f5 19. Nf3 b3 20. axb3 Qxb3 21. Qxb3 axb3
22. Nce1 Be2 23. Rd2 Bxf3 24. Nxf3 Ra8 25. Rxa8 Rxa8 26. Rd1 Ra1 27. Bf1 Bb4
28. Be2 Ra2 29. Kg2 Na5 30. Nd2 Bxd2 31. Bxd2 Nc4 32. Bxc4 dxc4 33. Kf3 Rxb2
34. Ba5 Nd5 35. Rc1 Rc2 36. Rxc2 bxc2 37. Bd2 Nb4 38. g4 g6 39. gxf5 gxf5 40.
Ke2 Nd3 0-1

[Event "2022 Harris Edwardes Interclub Competition (Division A)"]
[Site "Leeming, Perth WA AUS"]
[Date "2022.08.21"]
[Round "2"]
[White "Lakner, Jay"]
[Black "Gong, Patrick"]
[Result "0-1"]
[EventDate "2022.08.21"]
[EventRounds "4"]
[EventType "team"]
[Section "Division A (Premier)"]
[Stage "Preliminary Rounds"]
[Board "1"]
[TimeControl "3600+10"]
[WhiteElo "2107"]
[BlackElo "2508"]
[BlackTitle "FM"]
[WhiteTeam "Perth Chess Academy A"]
[BlackTeam "UWA Chess Club A"]
[ECO "A03"]
[PlyCount "94"]

1. f4 d5 2. Nf3 g6 3. g3 Bg7 4. Bg2 c5 5. O-O Nc6 6. d3 e6 7. Nc3 Nge7 8. a3
O-O 9. Qe1 Nd4 10. Nxd4 cxd4 11. Nd1 Bd7 12. Bd2 Rc8 13. Rc1 f6 14. g4 e5 15.
Qg3 Be6 16. Bb4 a5 17. Bxe7 Qxe7 18. f5 Bh6 19. Ra1 Bf7 20. c3 Bf4 21. Qe1 gxf5
22. gxf5 dxc3 23. bxc3 Kh8 24. e3 Bg5 25. e4 Qc5+ 26. Kh1 d4 27. c4 b5 28. cxb5
Qxb5 29. Qe2 Qb3 30. Nf2 Rc2 31. Qf3 Rg8 32. Rab1 Rb2 33. Rxb2 Qxb2 34. Rg1
Qxa3 35. Qh3 Qb2 36. Ng4 Qd2 37. Bf1 a4 38. Rg2 Qc1 39. Rg1 a3 40. Be2 Qd2 41.
Qf1 a2 42. Nxe5 fxe5 43. f6 Qf4 44. Qa1 Qxf6 45. Rf1 Bf4 46. Rf2 Qh4 47. Rxf4
Qxf4 0-1

[Event "2022 Harris Edwardes Interclub Competition (Division A)"]
[Site "Leeming, Perth WA AUS"]
[Date "2022.08.21"]
[Round "2"]
[White "Ng, Jen Sheng"]
[Black "Rafiei Darani, Daryoush"]
[Result "1-0"]
[EventDate "2022.08.21"]
[EventRounds "4"]
[EventType "team"]
[Section "Division A (Premier)"]
[Stage "Preliminary Rounds"]
[Board "2"]
[TimeControl "3600+10"]
[WhiteElo "2145"]
[WhiteTitle "CM"]
[BlackElo "1771"]
[WhiteTeam "UWA Chess Club A"]
[BlackTeam "Perth Chess Academy A"]
[ECO "B13"]
[PlyCount "55"]

1. e4 c6 2. d4 d5 3. exd5 cxd5 4. Bd3 Nc6 5. c3 Nf6 6. Bf4 Bg4 7. Qb3 Qd7 8.
Nd2 e6 9. Ngf3 a6 10. a4 Be7 11. O-O O-O 12. Rfe1 Na5 13. Qc2 Bh5 14. Ne5 Qd8
15. Ndf3 Bg6 16. Nxg6 hxg6 17. Ne5 Nc6 18. Qe2 Nxe5 19. dxe5 Nd7 20. Bc2 Bg5
21. Qg4 Bxf4 22. Qxf4 g5 23. Qe3 g6 24. Rad1 Rc8 25. Rd4 Kg7 26. Rg4 Qb6 27.
Qxg5 Rc4 28. Rg3 1-0

[Event "2022 Harris Edwardes Interclub Competition (Division A)"]
[Site "Leeming, Perth WA AUS"]
[Date "2022.08.21"]
[Round "2"]
[White "Hu, Tommy"]
[Black "Xiao Zhou, Ning"]
[Result "1-0"]
[EventDate "2022.08.21"]
[EventRounds "4"]
[EventType "team"]
[Section "Division A (Premier)"]
[Stage "Preliminary Rounds"]
[Board "4"]
[TimeControl "3600+10"]
[WhiteElo "1593"]
[BlackElo "1583"]
[WhiteTeam "UWA Chess Club A"]
[BlackTeam "Perth Chess Academy A"]
[ECO "C10"]
[PlyCount "83"]

1. e4 c6 2. d4 d5 3. Nc3 dxe4 4. Nxe4 Nf6 5. Bd3 Nbd7 6. Nf3 Nxe4 7. Bxe4 Nf6
8. Bd3 e6 9. O-O Be7 10. Re1 O-O 11. c3 Qc7 12. Qc2 h6 13. Bd2 b6 14. Rad1 Bb7
15. Ne5 c5 16. dxc5 Bxc5 17. Bf4 Nh5 18. Bh7+ Kh8 19. Ng6+ fxg6 20. Bxc7 Bxf2+
21. Qxf2 Rxf2 22. Kxf2 Rf8+ 23. Kg1 Kxh7 24. Rxe6 Rf7 25. Be5 Bc8 26. Re8 Bd7
27. Rd8 Bb5 28. R8d4 Re7 29. Bb8 Nf6 30. a4 Bc6 31. b3 Re2 32. R4d2 Re7 33. Rd6
Bd7 34. Bxa7 Bg4 35. Bxb6 Bxd1 36. Rxd1 Rb7 37. a5 Nd7 38. Rd6 Nb8 39. c4 Na6
40. c5 Nxc5 41. Bxc5 Rb5 42. b4 1-0

[Event "2022 Harris Edwardes Interclub Competition (Division A)"]
[Site "Leeming, Perth WA AUS"]
[Date "2022.08.28"]
[Round "3"]
[White "Lakner, Jay"]
[Black "Fu, Yihe (Rebo)"]
[Result "0-1"]
[EventDate "2022.08.21"]
[EventRounds "4"]
[EventType "team"]
[Section "Division A (Premier)"]
[Stage "Preliminary Rounds"]
[Board "1"]
[TimeControl "3600+10"]
[WhiteElo "2107"]
[BlackElo "2287"]
[WhiteTeam "Perth Chess Academy A"]
[BlackTeam "Southern Suburbs Chess Club A"]
[ECO "A29"]
[PlyCount "76"]

1. c4 Nf6 2. Nc3 e5 3. Nf3 Nc6 4. g3 d5 5. cxd5 Nxd5 6. Bg2 Be6 7. O-O Nb6 8.
d3 Be7 9. a3 a5 10. Be3 Nd5 11. Nxd5 Bxd5 12. d4 exd4 13. Nxd4 Bxg2 14. Kxg2
Nxd4 15. Bxd4 O-O 16. Bc3 Qc8 17. e4 Ra6 18. f4 Rh6 19. g4 Rh4 20. h3 Rd8 21.
Qf3 h5 22. gxh5 Qe6 23. Be1 Rd4 24. Bxh4 Bxh4 25. e5 Rd2+ 26. Kh1 Qf5 27. Rad1
Rxb2 28. Qd3 Qe6 29. Qd7 Qa2 30. Qc8+ Kh7 31. Qf5+ Kh6 32. Qg4 Rh2+ 33. Kg1 Be7
34. Rd4 Bc5 35. Qg5+ Kh7 36. Qf5+ g6 37. hxg6+ fxg6 38. Qd7+ Kh6 0-1

[Event "2022 Harris Edwardes Interclub Competition (Division A)"]
[Site "Leeming, Perth WA AUS"]
[Date "2022.08.28"]
[Round "3"]
[White "Hare, Tim"]
[Black "Rafiei Darani, Daryoush"]
[Result "1-0"]
[EventDate "2022.08.21"]
[EventRounds "4"]
[EventType "team"]
[Section "Division A (Premier)"]
[Stage "Preliminary Rounds"]
[Board "2"]
[TimeControl "3600+10"]
[WhiteElo "2227"]
[BlackElo "1771"]
[WhiteTeam "Southern Suburbs Chess Club A"]
[BlackTeam "Perth Chess Academy A"]
[ECO "A26"]
[PlyCount "61"]

1. Nf3 Nf6 2. g3 g6 3. Bg2 Bg7 4. O-O O-O 5. d3 d6 6. c4 e5 7. Nc3 Nc6 8. Rb1
a5 9. a3 Re8 10. Bg5 Be6 11. e4 h6 12. Bxf6 Bxf6 13. b4 axb4 14. axb4 Bg7 15.
b5 Ne7 16. Ra1 Rxa1 17. Qxa1 f5 18. Nd2 c6 19. bxc6 bxc6 20. Qa6 Qc7 21. Rb1
Rb8 22. Rxb8+ Qxb8 23. Qa3 c5 24. Nb5 Qb6 25. Nb3 f4 26. Qa5 Qxa5 27. Nxa5 fxg3
28. hxg3 Nc8 29. Nb7 Bf8 30. Bf3 Kf7 31. Nd8+ 1-0

[Event "2022 Harris Edwardes Interclub Competition (Division A)"]
[Site "Leeming, Perth WA AUS"]
[Date "2022.08.28"]
[Round "3"]
[White "Umasankar, Naveen Ramnat"]
[Black "Vlietstra, Marc"]
[Result "0-1"]
[EventDate "2022.08.21"]
[EventRounds "4"]
[EventType "team"]
[Section "Division A (Premier)"]
[Stage "Preliminary Rounds"]
[Board "3"]
[TimeControl "3600+10"]
[WhiteElo "1725"]
[BlackElo "2031"]
[WhiteTeam "Perth Chess Academy A"]
[BlackTeam "Southern Suburbs Chess Club A"]
[ECO "B21"]
[PlyCount "64"]

1. e4 c5 2. d4 cxd4 3. c3 dxc3 4. bxc3 d5 5. exd5 Qxd5 6. Nf3 Bg4 7. Be2 Qxd1+
8. Bxd1 Nc6 9. h3 Bh5 10. Nh4 Bxd1 11. Kxd1 Nf6 12. Re1 e6 13. Bf4 Bc5 14. Be3
Bd6 15. Nf3 Rd8 16. Nbd2 Nd5 17. Bd4 O-O 18. g3 Rfe8 19. Kc2 e5 20. Be3 Nxe3+
21. Rxe3 Bc5 22. Re2 f5 23. Nb3 Bb6 24. Rd1 Rxd1 25. Kxd1 Kf7 26. Kc2 Kf6 27.
Nfd2 Rc8 28. Nc4 Nb4+ 29. cxb4 Rxc4+ 30. Kd3 Rxb4 31. Kc3 Re4 32. Rd2 Ke6 0-1

[Event "2022 Harris Edwardes Interclub Competition (Division A)"]
[Site "Leeming, Perth WA AUS"]
[Date "2022.08.28"]
[Round "3"]
[White "Gibson, Kyle"]
[Black "Xiao Zhou, Ning"]
[Result "1-0"]
[EventDate "2022.08.21"]
[EventRounds "4"]
[EventType "team"]
[Section "Division A (Premier)"]
[Stage "Preliminary Rounds"]
[Board "4"]
[TimeControl "3600+10"]
[WhiteElo "1971"]
[BlackElo "1583"]
[WhiteTeam "Southern Suburbs Chess Club A"]
[BlackTeam "Perth Chess Academy A"]
[ECO "B14"]
[PlyCount "51"]

1. e4 c6 2. d4 d5 3. exd5 cxd5 4. c4 Nf6 5. Nc3 e6 6. Bd3 Be7 7. Nf3 O-O 8. O-O
Nc6 9. Re1 h6 10. a3 a6 11. c5 b6 12. cxb6 Qxb6 13. b4 Qc7 14. Na4 Bb7 15. h3
Rfc8 16. Be3 Nd7 17. Rc1 Qd8 18. Bf4 Bf6 19. Bb1 Na7 20. Qd3 Nf8 21. Rxc8 Nxc8
22. Nc5 Qb6 23. Rc1 Bc6 24. Ne5 Bb5 25. Qg3 g5 26. h4 1-0

[Event "2022 Harris Edwardes Interclub Competition (Division A)"]
[Site "Leeming, Perth WA AUS"]
[Date "2022.08.28"]
[Round "3"]
[White "Gong, Patrick"]
[Black "Rodriguez, Juan Talavera"]
[Result "1-0"]
[EventDate "2022.08.21"]
[EventRounds "4"]
[EventType "team"]
[Section "Division A (Premier)"]
[Stage "Preliminary Rounds"]
[Board "1"]
[TimeControl "3600+10"]
[WhiteElo "2508"]
[WhiteTitle "FM"]
[BlackElo "2167"]
[WhiteTeam "UWA Chess Club A"]
[BlackTeam "Perth Chess Club A"]
[ECO "C45"]
[PlyCount "83"]

1. e4 e5 2. Nf3 Nc6 3. d4 exd4 4. Nxd4 Bc5 5. Nb3 Bb6 6. Qe2 Qf6 7. Nc3 Nge7 8.
h4 h6 9. Be3 Bxe3 10. Qxe3 a6 11. O-O-O d6 12. Be2 Bd7 13. Nd5 Nxd5 14. exd5+
Ne7 15. g4 Qe5 16. Qxe5 dxe5 17. c4 Ng6 18. Bf3 Ba4 19. Rde1 Bxb3 20. axb3 f6
21. Kc2 O-O-O 22. Kc3 Nf4 23. Re3 g5 24. Be4 Kb8 25. Kc2 Ka7 26. b4 Kb8 27. h5
Rd6 28. Ra1 Rhd8 29. Rea3 Rb6 30. b5 Ka7 31. b4 Ne2 32. bxa6 Nd4+ 33. Kd3 Rxa6
34. Rxa6+ bxa6 35. b5 Rd6 36. c5 Rd8 37. Rxa6+ Kb8 38. d6 cxd6 39. Ra8+ Kc7 40.
b6+ Kd7 41. b7 Kc7 42. Rxd8 1-0

[Event "2022 Harris Edwardes Interclub Competition (Division A)"]
[Site "Leeming, Perth WA AUS"]
[Date "2022.08.28"]
[Round "3"]
[White "Maris, Rob"]
[Black "Ng, Jen Sheng"]
[Result "0-1"]
[EventDate "2022.08.21"]
[EventRounds "4"]
[EventType "team"]
[Section "Division A (Premier)"]
[Stage "Preliminary Rounds"]
[Board "2"]
[TimeControl "3600+10"]
[WhiteElo "2072"]
[BlackElo "2145"]
[BlackTitle "CM"]
[WhiteTeam "Perth Chess Club A"]
[BlackTeam "UWA Chess Club A"]
[ECO "A39"]
[PlyCount "54"]

1. c4 Nf6 2. Nf3 g6 3. g3 Bg7 4. Bg2 O-O 5. O-O c5 6. d4 cxd4 7. Nxd4 Nc6 8.
Nc3 Nxd4 9. Qxd4 d6 10. Qd3 Bf5 11. e4 Be6 12. b3 Qa5 13. Bb2 a6 14. Nd5 Bxd5
15. exd5 b5 16. Rfc1 Rfc8 17. a4 bxc4 18. Rxc4 Rxc4 19. Qxc4 Rb8 20. Bc3 Qc5
21. Qxc5 dxc5 22. Rb1 Nd7 23. Ba5 c4 24. b4 c3 25. Be4 Rc8 26. Rc1 Bd4 27. Kg2
Nf6 0-1

[Event "2022 Harris Edwardes Interclub Competition (Division A)"]
[Site "Leeming, Perth WA AUS"]
[Date "2022.08.28"]
[Round "3"]
[White "Saxon, Marc"]
[Black "Hu, Tommy"]
[Result "0-1"]
[EventDate "2022.08.21"]
[EventRounds "4"]
[EventType "team"]
[Section "Division A (Premier)"]
[Stage "Preliminary Rounds"]
[Board "4"]
[TimeControl "3600+10"]
[WhiteElo "2015"]
[BlackElo "1593"]
[WhiteTeam "Perth Chess Club A"]
[BlackTeam "UWA Chess Club A"]
[ECO "B77"]
[PlyCount "77"]

1. e4 c5 2. Nf3 d6 3. d4 cxd4 4. Nxd4 Nf6 5. Nc3 g6 6. Be3 Bg7 7. f3 O-O 8. Qd2
Nc6 9. Bc4 Nd7 10. O-O-O Nde5 11. Nxc6 Nxc4 12. Nxd8 Nxd2 13. Rxd2 Rxd8 14. Nd5
Rd7 15. Rd3 b6 16. Ra3 Bb7 17. Rd1 Kf8 18. Rdd3 e6 19. Nc3 Bc6 20. Ne2 d5 21.
exd5 Rxd5 22. Nf4 Rxd3 23. Nxd3 h5 24. c4 Ke8 25. Kc2 Kd7 26. b4 Kc7 27. Bf4+
Kb7 28. Ne5 Be8 29. h4 Rc8 30. Rc3 Ba4+ 31. Kd2 a5 32. b5 Rc5 33. Ra3 Bxe5 34.
Bxe5 Rxc4 35. g3 Bxb5 36. Rb3 Kc6 37. Kd3 Rc5+ 38. Ke4 Rd5 39. Bc3 0-1